 Dungeon Crawl Stone Soup version 0.19.0-22-gd96e5fe (webtiles) character file.

32 dobroeutro the Bolt Thrower (level 3, -1/21 HPs)
             Began as a Kobold Hunter on Nov 18, 2016.
             Slain by Terence
             ... wielding a +0 trident
              (3 damage)
             ... on level 2 of the Dungeon.
             The game lasted 00:01:33 (1480 turns).

dobroeutro the Bolt Thrower (Kobold Hunter)         Turns: 1480, Time: 00:01:33

Health: -1/21      AC:  5    Str:  9    XL:     3   Next: 42%
Magic:  3/3        EV: 13    Int: 12    God:
Gold:   25         SH:  0    Dex: 16    Spells: 0 memorised, 2 levels left

rFire  . . .     SeeInvis .     a - +1 hand crossbow
rCold  . . .     Gourm    .     j - +0 ring mail
rNeg   . . .     Faith    .     (shield restricted)
rPois  .         Spirit   .     (no helmet)
rElec  .         Reflect  .     (no cloak)
rCorr  .         Harm     .     (no gloves)
MR     .....                    (no boots)
Stlth  +.........               (no amulet)
                                (no ring)
                                (no ring)

@: no status effects
A: carnivore 3
a: no special abilities


You were on level 2 of the Dungeon.
You were completely stuffed.

You visited 1 branch of the dungeon, and saw 2 of its levels.

You collected 25 gold pieces.

Inventory:

Hand Weapons
 a - a +1 hand crossbow (weapon)
 b - a +0 short sword
Missiles
 d - 2 bolts (quivered)
Armour
 j - a +0 ring mail (worn)
Jewellery
 n - an uncursed ring of stealth {unknown}
Scrolls
 g - a scroll of enchant weapon {unknown}
 h - a scroll of blinking {unknown}
 i - a scroll of remove curse {unknown}
 k - a scroll of amnesia {unknown}
 l - 2 scrolls of recharging {unknown}
 m - a scroll of fear {unknown}
 o - 2 scrolls of identify {unknown}
Potions
 e - 3 potions of curing
Comestibles
 c - a beef jerky
 f - 2 meat rations
 p - a chunk of flesh


   Skills:
 - Level 2.1 Fighting
 + Level 2.6 Short Blades
 + Level 5.4 Crossbows
 - Level 2.4 Dodging
 - Level 1.3 Stealth


You had 2 spell levels left.
You didn't know any spells.

Dungeon Overview and Level Annotations

Branches:
Dungeon (2/15)

Altars:

Annotations:
D:2 Terence


Innate Abilities, Weirdness & Mutations

You are small and have problems with some larger weapons.
You are carnivorous and can eat meat at any time.


Message History

The bat closely misses you.
The hobgoblin hits you but does no damage.
Terence drinks a potion.
Terence is healed!
The hobgoblin hits you but does no damage.
Firing (i - inventory):
d - 4 bolts (quivered)
Press: ? - help, Shift-Dir - straight line, f/p - Terence
Aim: Terence, wielding a trident and wearing a scale mail (heavily wounded)
You shoot a bolt. The bolt barely misses Terence.
The bat barely misses you.
Terence hits you from afar with a trident.
* * * LOW HITPOINT WARNING * * *
The hobgoblin closely misses you.
Firing (i - inventory):
d - 3 bolts (quivered)
Press: ? - help, Shift-Dir - straight line, f/p - Terence
Aim: Terence, wielding a trident and wearing a scale mail (heavily wounded)
You shoot a bolt.
The bolt hits Terence but does no damage.
Terence is heavily wounded.
The bat barely misses you. The bat closely misses you.
Terence hits you from afar with a trident.
You die...

).# #.#######.......#
#.# #.## #.# #.......#
#.# ...# #.# #########
##.## ...########.####
##### #.(^#
...............# ....(
##.## ...####........#
...%.. #.#
...............###<.....
#(#
.................(@.....
#.#
................@g.....(
#.#
...####........##b......
#.# .........###...#
....... #.#
...#####..#..#.# .######
#.# .†.# #>......##.#
#.# ..## ####.......#
#.# ...
##.#################.#
##.
##.###...............#
.# #
#...##.###..#.##<#####


You could see Terence, a hobgoblin and a bat.

Vanquished Creatures
  A dart slug (D:1)
  3 bats (D:1)
  A giant cockroach (D:1)
  3 goblins
  8 hobgoblins
  2 frilled lizards
  4 kobolds (D:1)
  4 rats (D:1)
26 creatures vanquished.

Notes
Turn   | Place    | Note
-------+----------+-------------------------------------------
     0 | D:1      | dobroeutro the Kobold Hunter began the quest for the Orb.
     0 | D:1      | Reached XP level 1. HP: 12/12 MP: 1/1
   232 | D:1      | Reached skill level 1 in Short Blades
   294 | D:1      | Reached skill level 5 in Crossbows
   421 | D:1      | Reached XP level 2. HP: 17/17 MP: 2/2
  1056 | D:1      | Reached XP level 3. HP: 21/21 MP: 3/3
  1460 | D:2      | Noticed Terence
  1479 | D:2      | HP: 1/21 [Terence/trident (3)]
  1480 | D:2      | Slain by Terence

Skill      XL: |  1  2 |
---------------+-------+-----
Short Blades   | 1 2 |  2.6
Crossbows      | 5 |  5.4
Fighting       | |  2.1
Dodging        | |  2.4
Stealth        | |  1.3

Action                   || total
-------------------------++-------
Melee: Short sword       ||   101
 Fire: Hand crossbow     ||    18
  Eat: Chunk             ||    10
Armor: Ring mail         ||    46
Dodge: Dodged            ||   120
